Map: Dywergencja ER

Players

FinchMaster - Winner!

  • Race: Protoss Protoss
  • Spawn Location: 5:00

Johans - Winner!

  • Race: Zerg Zerg
  • Spawn Location: 5:00

Contrast

  • Race: Protoss Protoss
  • Spawn Location: 11:00

Legol

  • Race: Protoss Protoss
  • League: Gold
  • Spawn Location: 11:00

VOD

Have the link to the VOD?

Description

Time

  • Played on: Jan. 3, 2020, 3:59 p.m.
  • Length: 16:39
Show
View Real Time Build Order
Export as new Build Order

FinchMaster Protoss - Winner!

Build Orders: Carriers 

Get SALT Encoding   

  12  0:01  Probe (Chrono Boost)  
  13  0:11  Probe (Chrono Boost)  
  14  0:16  Probe (Chrono Boost)  
  15  0:25  Pylon  
  15  0:43  Probe  
  15  0:48  Forge  
  16  0:52  Gateway  
  16  1:18  Pylon  
  15  1:35  Pylon  
  15  1:44  Photon Cannon  
  15  1:47  Photon Cannon  
  15  2:00  Photon Cannon  
  15  2:12  Photon Cannon  
  14  3:17  Nexus  
  14  3:20  Assimilator  
  14  3:24  Assimilator  
  14  3:27  Nexus  
  14  3:31  Assimilator  
  14  3:32  Assimilator  
  14  3:34  Assimilator  
  14  3:35  Assimilator, Cybernetics Core  
  14  3:37  Pylon  
  14  3:44  Pylon  
  14  3:46  Probe (Chrono Boost)  
  16  3:57  Probe (Chrono Boost)  
  16  4:01  Probe (Chrono Boost)  
  17  4:12  Probe  
  18  4:26  Probe (Chrono Boost)  
  19  4:31  Probe (Chrono Boost)  
  21  4:39  Warp Gate (Chrono Boost)  
  21  4:41  Probe x2 (Chrono Boost)  
  22  4:46  Probe (Chrono Boost)  
  22  4:48  Probe x2  
  26  5:00  Probe (Chrono Boost)  
  26  5:01  Probe (Chrono Boost)  
  26  5:04  Probe (Chrono Boost)  
  26  5:06  Protoss Shields Level 1 (Chrono Boost)  
  28  5:12  Probe (Chrono Boost)  
  31  5:14  Probe (Chrono Boost)  
  31  5:15  Probe (Chrono Boost)  
  31  5:17  Probe (Chrono Boost)  
  32  5:22  Probe  
  32  5:23  Photon Cannon  
  32  5:27  Probe  
  32  5:28  Photon Cannon  
  34  5:33  Photon Cannon  
  34  5:34  Probe  
  35  5:39  Probe  
  36  5:43  Photon Cannon  
  36  5:47  Shield Battery  
  36  5:55  Shield Battery  
  36  5:58  Pylon  
  36  6:00  Probe (Chrono Boost)  
  37  6:10  Probe (Chrono Boost)  
  38  6:15  Probe (Chrono Boost)  
  38  6:17  Gateway  
  38  6:18  Gateway  
  39  6:19  Photon Cannon  
  39  6:24  Shield Battery  
  39  6:26  Probe  
  40  6:36  Probe  
  41  6:41  Probe (Chrono Boost)  
  42  6:47  Probe (Chrono Boost)  
  45  6:54  Probe (Chrono Boost)  
  45  6:57  Probe x2 (Chrono Boost)  
  47  7:02  Probe x2 (Chrono Boost)  
  47  7:04  Probe  
  47  7:07  Twilight Council  
  49  7:09  Protoss Air Weapons Level 1  
  49  7:10  Robotics Facility  
  49  7:12  Probe  
  49  7:14  Probe  
  49  7:15  Pylon  
  51  7:16  Probe  
  51  7:17  Pylon  
  51  7:24  Stalker, Stargate  
  51  7:25  Probe, Stalker  
  51  7:26  Probe  
  51  7:27  Pylon  
  51  7:28  Probe  
  53  7:34  Photon Cannon  
  53  7:38  Photon Cannon  
  53  7:42  Photon Cannon  
  53  7:45  Probe  
  53  7:47  Photon Cannon  
  53  7:50  Protoss Shields Level 2, Shield Battery  
  54  7:57  Probe  
  55  8:09  Probe  
  56  8:22  Probe  
  56  8:25  Probe  
  58  8:31  Probe  
  59  8:34  Probe  
  59  8:37  Probe  
  59  8:39  Observer  
  62  8:43  Probe  
  62  8:46  Probe  
  64  8:49  Probe  
  64  8:51  Pylon  
  64  8:54  Pylon  
  64  8:55  Probe  
  66  8:59  Probe  
  66  9:00  Stargate  
  66  9:01  Stargate  
  66  9:02  Probe  
  68  9:04  Photon Cannon  
  68  9:07  Probe, Pylon, Photon Cannon  
  69  9:11  Probe  
  69  9:14  Probe, Pylon  
  70  9:19  Probe  
  70  9:22  Stargate  
  71  10:07  Void Ray  
  71  10:08  Void Ray x3  
  87  10:15  Fleet Beacon  
  87  10:18  Protoss Air Armor Level 1 (Chrono Boost), Observer  
  87  10:21  Protoss Shields Level 3 (Chrono Boost)  
  87  10:23  Cybernetics Core  
  87  10:26  Pylon  
  87  10:28  Pylon  
  87  10:45  Observer  
  87  11:11  Carrier x3  
  105  11:14  Carrier  
  111  11:24  Nexus  
  111  11:28  Assimilator x2  
  111  11:31  Pylon x2  
  111  11:34  Protoss Air Weapons Level 2 (Chrono Boost)  
  110  12:01  Photon Cannon  
  110  12:02  Photon Cannon  
  110  12:05  Photon Cannon  
  110  12:06  Shield Battery  
  110  12:10  Shield Battery  
  110  12:16  Shield Battery  
  110  12:17  Photon Cannon  
  110  12:19  Photon Cannon  
  110  12:23  Pylon  
  110  12:24  Pylon  
  110  12:50  Carrier  
  110  12:51  Carrier x2  
  128  13:01  Carrier  
  134  13:10  Protoss Air Armor Level 2 (Chrono Boost)  
  134  13:55  Carrier x3  
  152  14:06  Carrier  
Show
View Real Time Build Order
Export as new Build Order

Johans Zerg - Winner!

Build Orders: Pool First 

Get SALT Encoding   

  12  0:04  Drone  
  13  0:15  Drone  
  13  0:21  Overlord  
  14  0:42  Spawning Pool, Drone x2  
  15  0:46  Drone  
  16  0:58  Drone  
  16  1:01  Extractor  
  16  1:18  Drone x2  
  18  1:32  Drone  
  19  1:38  Zergling x2  
  20  1:45  Queen  
  22  1:57  Overlord  
  22  2:04  Metabolic Boost  
  22  2:06  Hatchery  
  21  2:20  Zergling x6  
  23  2:49  Zergling x4  
  25  2:55  Overlord  
  21  3:21  Drone x3  
  24  3:29  Lair  
  22  3:47  Drone  
  22  3:48  Drone x2  
  25  3:50  Hatchery  
  24  3:57  Queen  
  26  4:04  Drone x7  
  33  4:15  Extractor, Drone  
  33  4:24  Drone x2  
  35  4:34  Spire  
  35  4:35  Drone  
  35  4:36  Drone x3  
  38  4:44  Extractor  
  37  4:46  Extractor  
  37  4:48  Drone x3  
  39  4:57  Drone x2  
  39  4:58  Drone  
  39  4:59  Overlord  
  42  5:15  Drone  
  42  5:16  Drone x5  
  42  5:19  Queen  
  50  5:31  Drone x5  
  50  5:32  Drone x2  
  57  5:47  Overlord x2  
  57  5:48  Drone  
  57  5:49  Overlord  
  58  6:01  Zerg Flyer Weapons Level 1  
  58  6:06  Zergling x18  
  61  6:34  Overlord x4  
  57  6:48  Overlord x3  
  57  6:49  Overlord x2  
  57  6:55  Drone  
  57  6:56  Drone x3  
  61  7:03  Extractor  
  61  7:06  Extractor  
  59  7:11  Hatchery  
  58  7:18  Mutalisk x3  
  58  7:19  Mutalisk x2  
  68  7:28  Overlord  
  68  7:41  Mutalisk  
  68  7:42  Mutalisk x4  
  78  7:55  Zerg Flyer Armor Level 1  
  78  8:05  Mutalisk x3  
  80  8:06  Overlord  
  80  8:07  Overlord  
  84  8:19  Overlord x3, Drone x3  
  87  8:43  Zergling x12  
  87  8:44  Zergling x8  
  97  8:56  Queen  
  99  9:08  Baneling Nest  
  99  9:09  Evolution Chamber  
  97  9:24  Mutalisk  
  97  9:25  Mutalisk x8  
  97  9:27  Zergling x8  
  97  9:28  Zergling x2  
  93  10:16  Mutalisk x2  
  93  10:17  Mutalisk x7  
  93  10:18  Zergling x12  
  113  10:36  Zerg Flyer Weapons Level 2  
  113  10:39  Zergling x2  
  113  10:40  Zergling x16  
  122  10:55  Hatchery, Zergling x10  
  126  11:02  Zerg Melee Weapons Level 1  
  126  11:05  Centrifical Hooks  
  126  11:11  Drone  
  126  11:12  Drone  
  128  11:18  Overseer  
  128  11:19  Overseer  
  128  11:21  Pneumatized Carapace  
  128  11:24  Burrow  
  128  11:27  Zergling x16  
  128  11:28  Zergling x2  
  137  11:42  Zergling x2  
  137  11:43  Zergling x20  
  148  11:57  Infestation Pit  
  148  11:58  Mutalisk  
  148  11:59  Mutalisk x3  
  155  12:03  Drone  
  155  12:04  Drone x5  
  155  12:07  Queen  
  163  12:21  Mutalisk  
  163  12:22  Mutalisk  
  167  12:24  Overlord x4  
  165  12:41  Mutalisk x7  
  165  12:44  Zergling x18  
  188  12:52  Zerg Flyer Armor Level 2  
  188  12:58  Drone x7  
  195  13:03  Extractor x2  
  193  13:09  Mutalisk x3  
  193  13:10  Zergling x2  
  200  13:20  Hive  
  200  13:22  Zerg Melee Weapons Level 2  
  199  14:03  Unknown  
  144  14:34  Mutalisk  
  144  14:35  Mutalisk x10  
  158  14:47  Zergling x14  
  158  14:48  Zergling x48  
  158  14:52  Adrenal Glands  
  173  15:23  Queen  
  173  15:24  Drone  
  173  15:25  Drone x11  
  119  15:52  Mutalisk x10  
Show
View Real Time Build Order
Export as new Build Order

Contrast Protoss 

Build Orders:  

Get SALT Encoding   

  12  0:13  Pylon  
  12  0:15  Probe  
  13  0:31  Gateway  
  13  0:36  Pylon  
  13  0:42  Probe  
  14  0:52  Assimilator  
  14  0:54  Probe  
  15  1:06  Probe  
  16  1:22  Zealot (Chrono Boost)  
  18  1:41  Zealot  
  18  1:43  Forge  
  20  2:08  Zealot  
  22  2:26  Photon Cannon  
  22  2:27  Photon Cannon  
  18  2:54  Cybernetics Core  
  18  3:14  Photon Cannon  
  18  3:18  Photon Cannon  
  18  3:24  Photon Cannon  
  18  3:48  Shield Battery  
  18  3:56  Pylon  
  18  3:59  Pylon  
  18  4:02  Assimilator, Stalker  
  20  4:39  Gateway  
  20  4:40  Gateway  
  20  4:42  Gateway  
  20  4:43  Stargate  
  20  4:49  Warp Gate  
  20  5:22  Pylon  
  20  5:24  Void Ray (Chrono Boost)  
  20  5:25  Pylon  
  24  5:29  Pylon  
  24  5:31  Zealot  
  26  5:43  Photon Cannon  
  26  5:46  Photon Cannon  
  26  5:47  Photon Cannon  
  26  5:53  Photon Cannon  
  26  5:56  Assimilator  
  26  5:58  Zealot  
  28  6:25  Zealot  
  30  6:46  Stargate x2  
  30  6:49  Stargate  
  30  6:52  Zealot  
  32  7:30  Nexus  
  32  7:51  Stalker  
  34  7:59  Probe (Chrono Boost)  
  35  8:10  Probe (Chrono Boost)  
  36  8:15  Probe (Chrono Boost)  
  37  8:23  Stalker  
  37  8:25  Probe  
  40  8:50  Photon Cannon x2  
  40  8:54  Probe  
  41  9:02  Stalker  
  43  9:14  Probe  
  44  9:18  Probe  
  45  9:26  Probe  
  45  9:27  Photon Cannon  
  46  9:37  Void Ray  
  50  9:50  Void Ray  
  54  9:59  Probe  
  56  10:00  Probe  
  56  10:22  Void Ray x2  
  64  10:34  Stalker  
  66  10:40  Probe  
  66  10:41  Probe  
  68  10:45  Assimilator  
  68  10:53  Probe x2  
  70  11:02  Gateway x2  
  70  11:07  Probe  
  70  11:09  Probe  
  72  11:19  Probe  
  73  11:26  Fleet Beacon  
  73  11:30  Protoss Air Weapons Level 1  
  73  11:31  Probe  
  74  11:52  Void Ray x2  
  82  12:02  Void Ray  
  86  12:21  Pylon  
  86  12:24  Pylon  
  86  12:27  Probe  
  67  12:39  Probe  
  67  12:41  Carrier x2 (Chrono Boost)  
  80  12:55  Nexus  
  80  13:05  Void Ray (Chrono Boost)  
  84  13:16  Stalker  
  84  13:17  Stalker  
  88  13:21  Stalker  
  96  13:42  Void Ray (Chrono Boost)  
  96  13:44  Carrier (Chrono Boost)  
  100  14:01  Probe x2  
  102  14:09  Sentry  
  104  14:13  Probe x2  
  101  14:25  Probe x2  
  85  14:48  Probe x2  
  43  15:00  Probe x2  
Show
View Real Time Build Order
Export as new Build Order

Legol Protoss 

Build Orders: Blink Stalkers 

Get SALT Encoding   

  12  0:01  Probe  
  13  0:13  Probe  
  14  0:19  Pylon  
  14  0:25  Probe  
  15  0:37  Probe (Chrono Boost)  
  15  0:38  Gateway  
  16  0:49  Probe (Chrono Boost)  
  17  0:51  Assimilator  
  18  0:57  Probe (Chrono Boost)  
  18  1:06  Probe  
  19  1:18  Probe  
  20  1:19  Pylon  
  20  1:25  Cybernetics Core  
  20  1:30  Probe  
  21  1:51  Probe  
  22  1:54  Assimilator  
  22  1:59  Stalker (Chrono Boost)  
  22  2:03  Probe  
  22  2:05  Warp Gate  
  25  2:11  Gateway  
  25  2:16  Probe  
  25  2:48  Stalker (Chrono Boost)  
  27  2:58  Gateway  
  27  3:04  Stalker (Chrono Boost)  
  29  3:09  Twilight Council  
  27  3:24  Stalker  
  29  3:34  Pylon  
  29  3:43  Blink (Chrono Boost)  
  29  3:54  Stalker  
  29  3:55  Stalker  
  33  4:32  Nexus, Stalker x2  
  33  4:33  Pylon, Stalker  
  39  4:59  Probe  
  40  5:00  Stargate  
  40  5:08  Stalker x3  
  40  5:11  Probe  
  47  5:15  Pylon  
  47  5:28  Pylon  
  47  5:33  Probe  
  47  5:34  Shield Battery  
  48  5:44  Probe  
  48  5:45  Probe  
  48  5:49  Pylon  
  50  5:56  Probe  
  51  5:57  Probe  
  52  6:08  Probe  
  52  6:09  Probe  
  54  6:18  Oracle (Chrono Boost)  
  54  6:20  Probe  
  54  6:23  Probe  
  59  6:32  Probe  
  60  6:35  Probe  
  53  6:50  Stalker x3  
  59  6:55  Assimilator  
  59  6:58  Oracle (Chrono Boost)  
  59  6:59  Assimilator  
  62  7:11  Gateway  
  62  7:14  Gateway  
  62  7:17  Pylon  
  59  7:31  Stalker  
  59  7:32  Stalker x2  
  65  7:42  Oracle (Chrono Boost)  
  65  7:44  Nexus  
  65  7:45  Pylon  
  68  7:53  Probe (Chrono Boost)  
  68  7:58  Probe (Chrono Boost)  
  70  8:00  Forge  
  70  8:03  Probe (Chrono Boost), Forge  
  72  8:06  Probe (Chrono Boost)  
  72  8:08  Stalker x2  
  72  8:10  Sentry x2  
  80  8:17  Probe  
  78  8:39  Photon Cannon  
  78  8:41  Photon Cannon  
  78  8:44  Photon Cannon  
  78  8:48  Photon Cannon  
  78  8:52  Photon Cannon  
  78  8:53  Photon Cannon  
  78  8:55  Pylon  
  78  8:57  Stalker  
  78  9:01  Probe x2  
  82  9:08  Zealot  
  84  9:17  Pylon  
  84  9:28  Stalker  
  84  9:29  Protoss Ground Weapons Level 1 (Chrono Boost), Protoss Ground Armor Level 1 (Chrono Boost), Stalker x3  
  92  9:41  Probe (Chrono Boost)  
  95  9:46  Probe x2 (Chrono Boost)  
  95  9:53  Templar Archives  
  95  9:55  Probe (Chrono Boost)  
  95  9:58  Stalker x3  
  76  10:20  Stalker x2  
  80  10:22  Probe x3  
  80  10:27  Photon Cannon  
  83  10:32  Photon Cannon  
  83  10:34  Probe x3  
  86  10:50  Gateway  
  86  10:52  Gateway  
  86  10:55  Gateway  
  86  10:57  Gateway, Stalker x3  
  86  11:00  Probe x2  
  94  11:04  Assimilator  
  94  11:07  Assimilator  
  94  11:10  Zealot  
  96  11:20  Protoss Ground Weapons Level 2 (Chrono Boost)  
  96  11:22  Protoss Ground Armor Level 2 (Chrono Boost)  
  96  11:31  Probe (Chrono Boost)  
  99  11:34  Probe (Chrono Boost)  
  99  11:35  Probe (Chrono Boost)  
  99  11:42  Probe (Chrono Boost)  
  99  11:45  Probe (Chrono Boost), High Templar x2  
  99  11:46  Probe (Chrono Boost), High Templar x4  
  114  11:50  Archon x2  
  114  11:51  Archon  
  114  12:22  High Templar x3  
  118  12:23  High Templar  
  118  12:26  Nexus, Archon x2  
  118  12:29  Assimilator  
  122  12:34  Assimilator  
  122  12:37  Pylon, Zealot x5  
  130  12:44  Gateway  
  130  12:47  Gateway  
  130  12:49  Gateway  
  130  12:51  Gateway  
  130  12:52  Gateway  
  130  12:55  Pylon  
  130  12:57  Pylon  
  130  13:00  Pylon  
  130  13:03  Zealot x2  
  130  13:04  Zealot x3  
  140  13:17  Psionic Storm  
  140  13:21  High Templar x2  
  140  13:22  High Templar x2  
  148  13:33  Archon  
  148  13:34  Archon  
  138  13:39  Protoss Shields Level 1  
  138  13:41  High Templar  
  138  13:42  High Templar  
  142  13:53  Robotics Facility  
  142  13:57  Zealot x4  
  142  13:58  Zealot x6  
  142  13:59  Zealot x2  
  134  14:35  High Templar x5  
  140  14:39  Archon x2  
  140  14:48  Charge (Chrono Boost)  
  116  15:14  High Templar x2  
  116  15:15  High Templar x8  
  116  15:16  High Templar x2  
  116  15:18  Archon x2  
  116  15:19  Archon x3  
  140  15:27  Photon Cannon  
  140  15:29  Photon Cannon  
  140  15:31  Photon Cannon  
  140  15:32  Photon Cannon  
  140  15:35  Photon Cannon  
  140  15:36  Photon Cannon  
  140  15:41  Pylon  
  130  15:45  Pylon  
  126  15:54  Zealot x3  
  126  15:55  Zealot x6  
  126  15:56  Zealot x5  
Tags
 
Add a new tag
Caveats
  • Supply blocks, unpowered buildings, or Contaminate may cause inaccurate times.
  • Supply counts are checked every 10 seconds.